 Dungeon Crawl Stone Soup version 0.31-a0-806-g0bc164a743 (webtiles) character file.

Game seed: 9099428553948938432

8 2FriedEggs the Vexing (level 2, 0/23 HPs)
             Began as a Gnoll Hexslinger on Sept 21, 2023.
             Slain by a hound (2 damage)
             ... on level 2 of the Dungeon.
             The game lasted 00:01:17 (715 turns).

2FriedEggs the Vexing (Gnoll Hexslinger)             Turns: 715, Time: 00:01:18

Health: 0/23       AC:  2    Str:  7    XL:     2   Next: 8%
Magic:  5/5        EV: 13    Int: 12    God:
Gold:   52         SH:  0    Dex: 14    Spells: 6/6 levels left

rFire   . . .        a - +1 sling
rCold   . . .        (no shield)
rNeg    . . .        c - +0 robe
rPois   .            (no helmet)
rElec   .            (no cloak)
rCorr   .            (no gloves)
SInv    .            (no boots)
Will    .....        (no amulet)
Stlth   +            (no ring)
HPRegen 0.23/turn    (no ring)
MPRegen 0.09/turn

%: no passive effects
@: no status effects
A: fangs 1, strong nose, distributed training
a: no special abilities


You were on level 2 of the Dungeon.
You visited 1 branch of the dungeon, and saw 2 of its levels.

You collected 52 gold pieces.

Inventory:

Hand Weapons
 a - a +1 sling (weapon)
Armour
 c - a +0 robe (worn)
Jewellery
 d - an amulet of faith
Scrolls
 b - a scroll of poison
 h - a scroll of teleportation {unknown}
Potions
 e - a potion of heal wounds {unknown}
 f - a potion of degeneration {unknown}
 g - 2 potions of enlightenment {unknown}
 i - a potion of curing {unknown}
 j - a potion of resistance {unknown}


   Skills:
 + Level 2.4 Fighting
 + Level 0.3 Short Blades
 + Level 0.3 Long Blades
 + Level 0.3 Axes
 + Level 0.3 Maces & Flails
 + Level 0.3 Polearms
 + Level 0.3 Staves
 + Level 4.4 Ranged Weapons
 + Level 0.3 Throwing
 + Level 0.3 Armour
 + Level 4.4 Dodging
 + Level 0.3 Stealth
 + Level 0.3 Shields
 + Level 0.3 Unarmed Combat
 + Level 2.7 Spellcasting
 + Level 0.2 Conjurations
 + Level 5.3 Hexes
 + Level 0.2 Summonings
 + Level 0.2 Necromancy
 + Level 0.2 Translocations
 + Level 0.2 Transmutations
 + Level 2.0 Fire Magic
 + Level 0.2 Ice Magic
 + Level 0.2 Air Magic
 + Level 0.2 Earth Magic
 + Level 0.2 Poison Magic
 + Level 0.4 Invocations
 + Level 0.3 Evocations
 + Level 0.2 Shapeshifting


You had 6 spell levels left.
You didn't know any spells.
Your spell library contained the following spells:

 Spells                   Type           Power      Damage    Failure   Level
 Jinxbite                 Hex            28%        N/A       4%          2
 Sigil of Binding         Hex            14%        N/A       9%          3
 Inner Flame              Hex/Fire       10%        N/A       17%         3
 Cause Fear               Hex            7%         N/A       28%         4
 Lesser Beckoning         Tloc           4%         N/A       34%         2
 Gell's Gravitas          Tloc           2%         N/A       56%         3
 Teleport Other           Tloc           2%         N/A       56%         3
 Dimensional Bullseye     Hex/Tloc       4%         N/A       63%         4


Dungeon Overview and Level Annotations

Branches:
Dungeon (2/15)

Altars:

Shops:
D:1 (


Innate Abilities, Weirdness & Mutations

You have very sharp teeth.
Your uncanny sense of smell can sniff out nearby items.
Your experience applies equally to all skills.


Message History

You hear a shout!
You shoot a sling bullet.
The sling bullet hits the hound but does no damage.
The hound is lightly wounded.
You shoot a sling bullet.
The sling bullet barely misses the hound.
You shoot a sling bullet.
The sling bullet closely misses the hound.
The hound misses you.
You shoot a sling bullet.
The sling bullet barely misses the hound.
The hound bites you. The hound barely misses you.
You shoot a sling bullet.
The sling bullet hits the hound but does no damage.
The hound closely misses you. The hound bites you.
You shoot a sling bullet.
The sling bullet closely misses the hound.
The hound bites you. x2
You are too injured to fight recklessly!
You are too injured to fight recklessly!
The hound bites you.
* * * LOW HITPOINT WARNING * * *
You aren't carrying any items that you can evoke.
You shoot a sling bullet.
The sling bullet closely misses the hound.
The hound bites you.
* * * LOW HITPOINT WARNING * * *
You shoot a sling bullet. The sling bullet hits the hound.
The hound is moderately wounded.
The hound barely misses you. x2
Unknown command.
You shoot a sling bullet.
The sling bullet completely misses the hound.
The hound bites you.
* * * LOW HITPOINT WARNING * * *
The hound bites you.
* * * LOW HITPOINT WARNING * * *
You shoot a sling bullet. The sling bullet misses the hound.
The hound closely misses you. The hound bites you.
You die...

### .....#.
≈≈≈. #%....
....##.#..#
≈≈≈..)....
.......#.###.#.
.....$.........
.........#
###....#h#
##.#.#@# #
#.#.##### #
#.......#
#.#....##.#
#...<..#
####.#...!..
#.####.## #.# #
#..


You could see a hound.

Vanquished Creatures
  A ball python (D:1)
  An endoplasm (D:1)
  2 giant cockroaches (D:1)
  A goblin (D:1)
  A bat (D:1)
  A rat (D:1)
7 creatures vanquished.

Notes
Turn   | Place    | Note
-------+----------+-------------------------------------------
     0 | D:1      | 2FriedEggs the Gnoll Hexslinger began the quest for the
                  | Orb.
     0 | D:1      | Reached XP level 1. HP: 17/17 MP: 4/4
   151 | D:1      | Found Wavan's Antique Weapon Shoppe.
   549 | D:1      | Reached XP level 2. HP: 23/23 MP: 5/5
   714 | D:2      | HP: 1/23 [hound (1)]
   715 | D:2      | Slain by a hound

Illustrated notes

Levels and vault maps discovered:
D:1:      psy_arrival_radial01, layout_basic, serial_shops,
          nicolae_shop_statue_plus, serial_park_tiny_2, nrook_uturn
D:2:      layout_loops_cross, serial_shops, nicolae_shop_window_shopping,
          nicolae_shop_stone, nicolae_shop_gaudy_bauble, nicolae_shop_peninsula,
          corexii_hall_statues_x, hex_medium

Skill      XL: |  1 |
---------------+----+-----
Fire Magic     | 2 |  2.0
Fighting       | |  2.4
Short Blades   | |  0.3
Long Blades    | |  0.3
Axes           | |  0.3
Maces & Flails | |  0.3
Polearms       | |  0.3
Staves         | |  0.3
Ranged Weapons | |  4.4
Throwing       | |  0.3
Armour         | |  0.3
Dodging        | |  4.4
Stealth        | |  0.3
Shields        | |  0.3
Unarmed Combat | |  0.3
Spellcasting   | |  2.7
Conjurations   | |  0.2
Hexes          | |  5.3
Summonings     | |  0.2
Necromancy     | |  0.2
Translocations | |  0.2
Transmutations | |  0.2
Ice Magic      | |  0.2
Air Magic      | |  0.2
Earth Magic    | |  0.2
Poison Magic   | |  0.2
Invocations    | |  0.4
Evocations     | |  0.3
Shapeshifting  | |  0.2

Action                     || total
---------------------------++-------
   Fire: Sling             ||    23
 Armour: Robe              ||     9
  Dodge: Dodged            ||     7

Table legend: (Time is in decaauts)
 A = Elapsed time spent in this place.
 B = Non-inter-level travel time spent in this place.
 C = Inter-level travel time spent in this place.
 D = Time resting spent in this place.
 E = Time spent auto-exploring this place.
 F = Levels seen in this place.
 G = Mean time per level.
                   A        B        C        D        E       F      G
               +--------+--------+--------+--------+--------+-----+--------+
         Total |    719 |    687 |     32 |      0 |    617 |   2 |  359.5 |
       Dungeon |    719 |    687 |     32 |      0 |    617 |   2 |  359.5 |
               +--------+--------+--------+--------+--------+-----+--------+

Top non-repeatable levels by time:
     D:1: 695 daAuts
     D:2: 23 daAuts
